[Event "World Team-ch Open 2019"]
[Site "Astana"]
[Date "2019.03.09"]
[Round "5.20"]
[White "Johansson, Linus"]
[Black "Hesham, Abdelrahman"]
[Result "1-0"]
[ECO "E91"]
[WhiteElo "2479"]
[BlackElo "2450"]
[Annotator "RC"]
[PlyCount "87"]
[EventDate "2019.02.05"]
[EventType "team-tourn"]
[EventCountry "KAZ"]
[SourceTitle "playchess.com"]
[Source "ChessBase"]
[SourceQuality "1"]
[WhiteTeam "Sweden"]
[BlackTeam "Egypt"]
[WhiteTeamCountry "SWE"]
[BlackTeamCountry "EGY"]
[TimeControl "40/5400+30:1800+30"]

1. d4 Nf6 2. c4 g6 3. Nc3 Bg7 4. e4 d6 5. Be2 O-O 6. Nf3 c5 7. d5 e6 8. O-O Re8 9. dxe6 Bxe6 10. Bf4 Qb6 11. Qb3 Bg4 12. h3 Nxe4 13. Nd5 Qxb3 14. axb3 Bf5 15. Nc7 Nc6 16. Nxa8 Rxa8 17. g4 Be6 18. Bd3 d5 19. cxd5 Bxd5 20. Bc4 Bxc4 21. bxc4 Bxb2 22. Rab1 Bc3 23. Rxb7 a5 24. Rc7 Nd8 25. Be5 a4 26. Bxc3 Nxc3 27. Rxc5 a3 28. Nd4 a2 29. Ra1 Ne6 30. Nxe6 fxe6 31. Re5 Kf7 32. Re3 Ra3 33. Kg2 Ke7 34. Rd3 e5 35. f3 Nb1 36. Rxa3 Nxa3 37. Rxa2 Nxc4 38. Ra7+ Kf6 39. Rxh7 Ne3+ 40. Kf2 Nd5 41. h4 Ke6 42. h5 gxh5 43. Rxh5 Kf6 44. Rh8 1-0